AoeStats
← Space Junkrat

Arabia

504322390Analyzed
2v2 RM · 27d ago on Sep 4, 2026· 71m 44s· 4 players
Game mode
Random Map
Map size
Medium (4 player)
Population
200
Speed
Normal
Resources
Standard
Victory
Conquest
Starting age
Dark Age
Ending age
Imperial Age
RankedLock teamsTeams togetherTeam positionsShared explorationLock speedFull tech treeHidden civsTurbo modeCheats
Victory
Defeat
🇧🇪 Lithuanians · Belgium
1358
+14
🇫🇷 Ethiopians · France
1311
+15
🇦🇹 Wei · Austria
1323
-15
🇦🇹 Ethiopians · Austria
1290
-14
MellonTheGrey
5:39 Loom
8:39 Feudal Age
9:14 Double-Bit Axe
16:14 Horse Collar
20:03 Wheelbarrow
23:46 Gold Mining
24:17 Forging
27:35 Castle Age
26:01 Scale Barding Armor
26:32 Bloodlines
28:54 Chain Barding Armor
28:46 Bow Saw
28:37 Heavy Plow
29:14 Gold Shaft Mining
29:07 Husbandry
28:28 Light Cavalry
30:40 Gold Shaft Mining
39:07 Iron Casting
38:45 Stone Mining
40:14 Man-at-Arms
43:13 Tuntian
47:36 Imperial Age
47:51 Stone Shaft Mining
47:20 Fletching
48:01 Hussar
49:03 Conscription
48:24 Heavy Hei Guang Cavalry
52:38 Blast Furnace
52:13 Bodkin Arrow
53:46 Elite Skirmisher
55:09 Bracer
56:04 Padded Archer Armor
56:10 Thumb Ring
56:48 Coinage
57:24 Thumb Ring
58:10 Ming Guang Armor
59:08 Hoardings
59:34 Ballistics
60:14 Chemistry
59:25 Masonry
59:33 Leather Archer Armor
62:13 Ring Archer Armor
61:25 Treadmill Crane
62:06 Pikeman
62:49 Scale Mail Armor
64:47 Hand Cart
67:27 Crop Rotation
Space Junkrat
7:18 Loom
9:34 Feudal Age
18:11 Fletching
22:37 Padded Archer Armor
26:47 Castle Age
24:52 Double-Bit Axe
26:50 Crossbowman
27:26 Bodkin Arrow
31:36 Bow Saw
34:09 Town Watch
43:18 Arson
44:45 Leather Archer Armor
44:31 Scale Mail Armor
47:02 Imperial Age
45:24 Wheelbarrow
44:58 Horse Collar
45:45 Forging
46:43 Thumb Ring
48:12 Conscription
51:47 Bracer
51:30 Heavy Scorpion
56:16 Capped Ram
57:22 Capped Ram
60:37 Halberdier
IneedMoney$
6:19 Loom
6:23 Loom
9:36 Feudal Age
9:49 Man-at-Arms
14:21 Double-Bit Axe
16:15 Fletching
16:29 Padded Archer Armor
18:04 Scale Mail Armor
19:46 Wheelbarrow
25:53 Castle Age
23:53 Horse Collar
24:04 Gold Mining
26:07 Crossbowman
26:43 Bodkin Arrow
27:09 Thumb Ring
29:14 Leather Archer Armor
35:18 Ballistics
35:11 Forging
35:17 Chain Mail Armor
39:14 Iron Casting
51:07 Hand Cart
54:45 Squires
64:30 Scale Barding Armor
63:50 Light Cavalry
64:30 Husbandry
67:02 Chain Barding Armor
Sun
6:01 Loom
8:48 Feudal Age
15:49 Wheelbarrow
16:06 Double-Bit Axe
18:00 Horse Collar
19:53 Fletching
20:09 Scale Barding Armor
20:15 Forging
25:13 Castle Age
23:31 Padded Archer Armor
25:56 Bodkin Arrow
26:17 Leather Archer Armor
27:22 Husbandry
27:32 Bloodlines
27:47 Gold Mining
28:34 Iron Casting
28:20 Chain Barding Armor
28:47 Thumb Ring
28:23 Elite Skirmisher
30:22 Bow Saw
33:36 Heavy Plow
34:12 Ballistics
45:38 Hand Cart
45:11 Town Watch
52:23 Town Patrol
61:57 Imperial Age
59:18 Stone Mining
62:02 Cavalier
62:46 Bracer
63:16 Ring Archer Armor
63:25 Plate Barding Armor
62:50 Bracer
63:20 Ring Archer Armor
66:34 Paladin
69:36 Chemistry
Connection lost

Rejoining the realm…

Still unreachable

The connection could not be restored.

Session expired

The server has moved on; the page needs a fresh start.